 Dungeon Crawl Stone Soup version 0.20-a0-1062-g7b787ac (webtiles) character file.

317 mkm the Cudgeler (level 6, 0/56 HPs)
             Began as a Minotaur Berserker on Apr 27, 2017.
             Was a Believer of Trog.
             Slain by Sigmund
             ... wielding a +4 scythe
              (7 damage)
             ... on level 2 of the Dungeon.
             The game lasted 00:05:28 (1081 turns).

mkm the Cudgeler (Minotaur Berserker)               Turns: 1081, Time: 00:05:29

Health: 0/56       AC: 11    Str: 24    XL:     6   Next: 20%
Magic:  5/5        EV:  7    Int:  4    God:    Trog [**....]
Gold:   118        SH:  0    Dex:  9    Spells: 5/5 levels left

rFire    . . .     SeeInvis .   a - +0 mace
rCold    . . .     Gourm    .   (no shield)
rNeg     . . .     Faith    .   i - +0 plate armour
rPois    .         Spirit   .   (helmet restricted)
rElec    .         Reflect  .   (no cloak)
rCorr    .         Harm     .   (no gloves)
MR       .....                  (no boots)
Stlth    ..........             (no amulet)
Regen    0.2/turn               (no ring)
MPRegen  0.1/turn               (no ring)

@: confused
A: retaliatory headbutt, horns 2
a: Berserk, Trog's Hand, Burn Spellbooks, Renounce Religion


You were on level 2 of the Dungeon.
You worshipped Trog.
Trog was pleased with you.
You were very full.

You visited 1 branch of the dungeon, and saw 3 of its levels.

You collected 118 gold pieces.

Inventory:

Hand Weapons
 a - a +0 mace (weapon)
Missiles
 d - 4 silver tomahawks (quivered)
Armour
 b - a +0 animal skin
 i - a +0 plate armour (worn)
Scrolls
 c - a scroll of teleportation {unknown}
 e - 3 scrolls of amnesia {unknown}
 g - a scroll of recharging {unknown}
 j - a scroll of identify {unknown}
 k - a scroll of remove curse {unknown}
Potions
 h - 2 potions of flight


   Skills:
 + Level 5.2 Fighting
 + Level 6.5 Maces & Flails
 + Level 3.7 Armour
 + Level 2.9 Dodging


You had 5 spell levels left.
You didn't know any spells.

Dungeon Overview and Level Annotations

Branches:
Dungeon (3/15)

Altars:

Annotations:
D:2 Sigmund


Innate Abilities, Weirdness & Mutations

You reflexively headbutt those who attack you in melee.
You have a pair of horns on your head.


Message History

You miss something. You headbutt something. Something hits you.
* * * LOW HITPOINT WARNING * * *
You feel much better. Something hits you.
You see here a hobgoblin corpse.
You hit something. You headbutt something.
You hear some strange, mumbled words.
You are confused.
Something hits you!
You hit something but do no damage. You hit something but do no damage.
Something hits you!
Your plate armour prevents you from hitting something.
Something hits you.
* * * LOW HITPOINT WARNING * * *
Okay, then.
You bump into the rock wall.
You closely miss something. You headbutt something! Something hits you!
* * * LOW HITPOINT WARNING * * *
Something hits you!
You die...

....# ....# #.# ....# ..
....# #. ....# #.# ....#
.. ....# #.## ....# #..#
.# ....# #@##.# ....#
#†##.# ....# #$##.#
....#
#######..#.#.......w...#
(...#
.......#)#.#...........#
†...#
.........†.#.......@...#
....#
..........(#............
#####
.....[....>'........b...
.......#####.....!...$..


There were no monsters in sight!

Vanquished Creatures
  Grinder (D:3)
  An orc priest (D:3)
  Natasha (D:2)
  2 adders (D:2)
  2 dart slugs (D:1)
  2 leopard geckos (D:3)
  6 orcs (D:3)
  2 ball pythons (D:1)
  A giant cockroach (D:1)
  4 goblins (D:1)
  8 hobgoblins
  2 jackals (D:1)
  A bat (D:1)
  3 frilled lizards (D:1)
  A kobold (D:1)
  4 rats
41 creatures vanquished.

Vanquished Creatures (others)
  Terence (D:3)
  2 orcs (D:3)
  A kobold (D:3)
4 creatures vanquished.

Grand Total: 45 creatures vanquished

Notes
Turn   | Place    | Note
-------+----------+-------------------------------------------
     0 | D:1      | mkm the Minotaur Berserker began the quest for the Orb.
     0 | D:1      | Reached XP level 1. HP: 19/19 MP: 0/0
   312 | D:1      | Reached skill level 4 in Maces & Flails
   341 | D:1      | Reached XP level 2. HP: 23/27 MP: 1/1
   725 | D:1      | Reached ** piety under Trog
   725 | D:1      | Reached XP level 3. HP: 32/33 MP: 2/2
   750 | D:2      | Noticed Sigmund
   750 | D:2      | Noticed Natasha
   893 | D:2      | You fall through a shaft!
   893 | D:3      | Noticed Grinder
   898 | D:3      | Killed Grinder
   898 | D:3      | Reached skill level 5 in Fighting
   898 | D:3      | Reached skill level 6 in Maces & Flails
   898 | D:3      | Reached XP level 4. HP: 42/42 MP: 3/3
   898 | D:3      | Reached XP level 5. HP: 48/48 MP: 4/4
   901 | D:3      | Noticed Terence
   914 | D:3      | Killed Terence
   934 | D:3      | Reached XP level 6. HP: 24/56 MP: 5/5
  1050 | D:2      | Killed Natasha
  1081 | D:2      | Slain by Sigmund

Vault maps used:
D:1:      minmay_arrival_solitary_statue
D:2:      first_bread, uniq_sigmund, uniq_natasha
D:3:      minitemple, small_statue_intersection, uniq_terence, uniq_grinder

Skill      XL: |  1  2  3 |
---------------+----------+-----
Maces & Flails | 4 6 |  6.5
Fighting       | 4 5 |  5.2
Armour         | 3 |  3.7
Dodging        | |  2.9

Action                   |  1- 3 |  4- 6 || total
-------------------------+-------+-------++-------
Melee: Mace              |    46 |    43 ||    89
       Headbutt          |     6 |     9 ||    15
Invok: Berserk           |     1 |       ||     1
       Trog's Hand       |       |     1 ||     1
  Use: Potion            |     6 |     1 ||     7
 Stab: Invisible         |       |     2 ||     2
  Eat: Bread ration      |       |     2 ||     2
Armor: Animal skin       |     2 |       ||     2
       Plate armour      |    21 |    34 ||    55
Dodge: Dodged            |    25 |    30 ||    55
